Patriotes vs Knights
(R2)
Created - 12 janvier 2013 at 01:38
Goals
|
| Patriotes |
1 |
5 |
1 |
7 |
| Knights |
1 |
2 |
3 |
6 |
|
Shots
|
| Patriotes |
11 |
13 |
7 |
31 |
| Knights |
16 |
9 |
14 |
39 |
|
1st period
1. Patriotes , D.J King 10 (Ben Guite, Matt Niskanen) at 9:59
2. Knights , Steve Downie 14 (Darroll Powe, Nigel Dawes) at 15:29
Penalties :
Garnet Exelby (Lon) for Hooking (Minor) at 6:58, Mathieu Perreault (Nyc) for Roughing (Minor) at 11:37
2nd period
3. Patriotes , Fedor Fedorov 5 (Mathieu Perreault) at 0:18
4. Patriotes , Andreas Nodl 9 (T.J Galiardi) at 5:49
5. Patriotes , Jay Harrison 2 (D.J King, Ryan Potulny) at 7:18 (PP)
6. Knights , Nigel Dawes 9 (Jeff Schultz) at 9:54
7. Knights , Troy Brouwer 12 (Garnet Exelby, Steve Downie) at 12:32
8. Patriotes , Andrew Gordon 11 (Fedor Fedorov, Matt Niskanen) at 15:25
9. Patriotes , Andrew Gordon 12 (Aaron Ward, Andreas Nodl) at 18:47
Penalties :
Andreas Nodl (Nyc) for Roughing (Minor) at 3:00, Darroll Powe (Lon) for Roughing (Minor) at 6:29, Steve Downie (Lon) for High sticking (Minor) at 10:18, Sheldon Brookbank (Lon) for Slashing (Minor) at 19:15
3rd period
10. Patriotes , D.J King 11 (Ben Guite, Aaron Ward) at 2:25
11. Knights , Steve Downie 15 (Zbynek Michalek) at 5:17
12. Knights , Ryan Suter 3 (Jeff Schultz, Darroll Powe) at 5:22
13. Knights , Nigel Dawes 10 (Darroll Powe, Jeff Schultz) at 19:12
Penalties :
Jay Harrison (Nyc) for Roughing (Minor) at 0:04, Andreas Nodl (Nyc) for Charging (Minor) at 6:45, Danny Irmen (Lon) for Holding (Minor) at 15:39, Mario Bliznak (Nyc) for Hooking (Minor) at 15:39, Garnet Exelby (Lon) for Tripping (Minor) at 18:38, A.J Thelen (Nyc) for Hooking (Minor) at 18:38
Goalie Stats
Joey MacDonald (Nyc), 33 saves from 39 shots - (0,846), W, 10-7-1, 60:00 minutes
Dany Sabourin (Lon), 14 saves from 18 shots - (0,778), 27:18 minutes
Michael Leighton (Lon), 10 saves from 13 shots - (0,769), L, 8-8-1, 31:58 minutes
Players Stats for Patriotes
Player Name G A P +/- PIM S H SB GA TA FO MP PP MP PK MP
------------------------------------------------------------------------------------
A.J Thelen 0 0 0 -1 2 1 0 1 0 1 0/0 18:52 1:45 2:26
Aaron Ward 0 2 2 0 0 1 1 5 0 1 0/0 28:43 3:51 4:14
Andreas Nodl 1 1 2 -1 4 2 1 1 0 0 0/0 13:50 0:00 0:52
Andrei Zyuzin 0 0 0 -1 0 3 0 1 0 0 0/0 18:53 1:45 2:26
Andrew Gordon 2 0 2 2 0 6 1 0 0 0 1/3 18:18 2:34 2:06
Ben Guite 0 2 2 -1 0 6 2 2 2 1 7/14 28:46 2:52 3:27
Brett Skinner 0 0 0 1 0 0 0 1 0 0 0/0 10:11 0:00 0:00
D.J King 2 1 3 -1 0 4 3 0 3 1 0/1 28:53 2:52 3:33
Davis Drewiske 0 0 0 0 0 0 0 0 0 0 0/0 2:58 0:00 0:06
Fedor Fedorov 1 1 2 2 0 3 1 2 0 1 0/0 16:34 2:34 1:25
Jay Harrison 1 0 1 -1 2 4 2 2 0 1 0/0 30:01 3:50 3:44
Lauri Tukonen 0 0 0 1 0 0 0 1 0 0 0/0 4:21 0:10 0:00
Mario Bliznak 0 0 0 -1 2 0 0 1 0 0 2/5 13:46 0:00 2:09
Mathieu Perreault 0 1 1 2 2 0 1 1 0 0 9/18 15:07 2:34 0:00
Matt Niskanen 0 2 2 2 0 0 1 1 0 1 0/0 10:28 0:00 0:36
Matt Watkins 0 0 0 0 0 0 0 0 0 0 0/0 0:00 0:00 0:00
Ryan Potulny 0 1 1 -1 0 0 3 0 0 1 15/35 17:15 2:55 0:00
T.J Galiardi 0 1 1 -1 0 1 1 1 0 0 0/0 11:42 0:17 0:00
Players Stats for Knights
Player Name G A P +/- PIM S H SB GA TA FO MP PP MP PK MP
------------------------------------------------------------------------------------
Aaron Rome 0 0 0 0 0 0 0 0 0 1 0/0 12:28 0:02 2:50
Benn Ferriero 0 0 0 -1 0 1 0 0 1 0 1/6 12:13 3:11 0:00
Danny Irmen 0 0 0 -2 2 2 1 0 0 0 4/5 9:00 0:07 1:30
Darroll Powe 0 3 3 3 2 2 3 1 0 0 18/35 21:40 3:26 2:34
Garnet Exelby 0 1 1 0 4 1 0 0 0 0 0/0 11:40 2:27 0:00
Jack Skille 0 0 0 0 0 2 3 0 1 0 0/0 16:32 3:11 0:00
Jarret Stoll 0 0 0 0 0 4 2 0 0 0 14/24 15:56 0:02 0:00
Jeff Schultz 0 3 3 0 0 0 2 0 1 2 0/0 28:25 2:27 3:35
Joel Ward 0 0 0 -1 0 3 1 0 2 0 0/0 9:12 0:07 0:00
Jonathan Tremblay 0 0 0 -2 0 1 0 0 0 0 0/0 6:44 0:00 0:00
Kyle Greentree 0 0 0 -1 0 2 1 0 0 0 0/0 10:22 0:07 1:10
Mats Zuccarello 0 0 0 -2 0 0 0 0 0 1 0/0 8:16 0:00 1:32
Nigel Dawes 2 1 3 3 0 4 6 0 1 1 2/2 22:30 3:26 3:23
Ryan Suter 1 0 1 -1 0 3 1 2 1 0 0/0 28:11 4:19 2:01
Sheldon Brookbank 0 0 0 0 2 1 1 1 0 0 0/0 23:02 4:19 2:46
Steve Downie 2 1 3 2 2 6 2 0 0 0 1/1 20:33 3:28 0:52
Troy Brouwer 1 0 1 0 0 6 0 0 0 0 2/3 16:50 3:11 0:11
Zbynek Michalek 0 1 1 1 0 1 1 1 1 0 0/0 16:14 0:00 0:00
3 Stars
1 - Nigel Dawes (Lon)
2 - Steve Downie (Lon)
3 - D.J King (Nyc)
Power Play
Patriotes - 1 on 4 Attempt(s) - 25,00%
Knights - 0 on 4 Attempt(s) - 0,00%
Penalty Kill
Patriotes - 4 on 4 Attempt(s) - 100,00%
- Score 0 goal in Penalty Kill
Knights - 3 on 4 Attempt(s) - 75,00%
- Score 0 goal in Penalty Kill
Official
Referees : Devorski Paul and McCauley Wes
Linesman : Mark Shewchyk and Dan Schachte
Game Notes
Michael Leighton enters game at 7:18 of 2nd period
Patriotes
5 vs 5 Forward
Center Left Wing Right Wing Time % Phy DF OF
1 Ryan Potulny D.J King Ben Guite 40 1 2 2
2 Mathieu Perreault Fedor Fedorov Andrew Gordon 30 1 2 2
3 Mario Bliznak T.J Galiardi Andreas Nodl 20 1 2 2
4 Ben Guite D.J King Lauri Tukonen 10 1 2 2
5 vs 5 Defense
Defense Defense Time % Phy DF OF
1 Jay Harrison Aaron Ward 40 1 2 2
2 Andrei Zyuzin A.J Thelen 30 1 2 2
3 Brett Skinner Matt Niskanen 20 1 2 2
4 Davis Drewiske Jay Harrison 10 1 2 2
PowerPlay Forward
Center Left Wing Right Wing Time % Phy DF OF
1 Ryan Potulny D.J King Ben Guite 60 1 2 2
2 Mathieu Perreault Fedor Fedorov Andrew Gordon 40 1 2 2
PowerPlay Defense
Defense Defense Time % Phy DF OF
1 Jay Harrison Aaron Ward 60 1 2 2
2 Andrei Zyuzin A.J Thelen 40 1 2 2
Penalty Kill 4 Players Forward
Center Wing Time % Phy DF OF
1 Ben Guite D.J King 60 1 2 2
2 Andrew Gordon Andreas Nodl 40 1 2 2
Penalty Kill 4 Players Defense
Defense Defense Time % Phy DF OF
1 Jay Harrison Aaron Ward 60 1 2 2
2 Andrei Zyuzin A.J Thelen 40 1 2 2
Penalty Kill - 3 Players Forward
Forward Time % Phy DF OF
1 Ben Guite 60 1 2 2
2 D.J King 40 1 2 2
Penalty Kill - 3 Players Defense
Defense Defense Time % Phy DF OF
1 Jay Harrison Aaron Ward 60 1 2 2
2 Andrei Zyuzin A.J Thelen 40 1 2 2
4 vs 4 Forward
Center Wing Time % Phy DF OF
1 Ben Guite D.J King 60 1 2 2
2 Andrew Gordon Andreas Nodl 40 1 2 2
4 vs 4 Defense
Defense Defense Time % Phy DF OF
1 Jay Harrison Aaron Ward 60 1 2 2
2 Andrei Zyuzin A.J Thelen 40 1 2 2
Last Minutes Offensive
Center Left Wing Right Wing Defense Defense
Ryan Potulny D.J King Ben Guite Jay Harrison Aaron Ward
Last Minutes Defensive
Center Left Wing Right Wing Defense Defense
Ryan Potulny D.J King Ben Guite Jay Harrison Aaron Ward
Goaltenders
Starting : Joey MacDonald
Backup : Leland Irving
Extra Forwards
Normal : T.J Galiardi, Lauri Tukonen, Mario Bliznak - PP : T.J Galiardi, Lauri Tukonen - PK : Mario Bliznak
Extra Defensemen
Normal : Brett Skinner, Matt Niskanen, Davis Drewiske - PP : Brett Skinner - PK : Matt Niskanen, Davis Drewiske
Penalty Shots
Ben Guite, D.J King, Andrew Gordon, Andreas Nodl, Fedor Fedorov
Knights
5 vs 5 Forward
Center Left Wing Right Wing Time % Phy DF OF
1 Darroll Powe Nigel Dawes Steve Downie 36 1 2 2
2 Jarret Stoll Troy Brouwer Jack Skille 34 1 2 2
3 Benn Ferriero Kyle Greentree Joel Ward 20 1 2 2
4 Danny Irmen Mats Zuccarello Jonathan Tremblay 10 1 2 2
5 vs 5 Defense
Defense Defense Time % Phy DF OF
1 Jeff Schultz Ryan Suter 40 2 2 1
2 Zbynek Michalek Sheldon Brookbank 30 2 2 1
3 Aaron Rome Garnet Exelby 20 1 3 1
4 Sheldon Brookbank Ryan Suter 10 2 2 1
PowerPlay Forward
Center Left Wing Right Wing Time % Phy DF OF
1 Darroll Powe Nigel Dawes Steve Downie 60 1 0 4
2 Benn Ferriero Troy Brouwer Jack Skille 40 1 0 4
PowerPlay Defense
Defense Defense Time % Phy DF OF
1 Sheldon Brookbank Ryan Suter 60 0 1 4
2 Jeff Schultz Garnet Exelby 40 0 1 4
Penalty Kill 4 Players Forward
Center Wing Time % Phy DF OF
1 Darroll Powe Nigel Dawes 60 0 4 1
2 Mats Zuccarello Steve Downie 40 0 4 1
Penalty Kill 4 Players Defense
Defense Defense Time % Phy DF OF
1 Sheldon Brookbank Jeff Schultz 60 1 4 0
2 Ryan Suter Aaron Rome 40 1 4 0
Penalty Kill - 3 Players Forward
Forward Time % Phy DF OF
1 Darroll Powe 60 0 5 0
2 Nigel Dawes 40 0 5 0
Penalty Kill - 3 Players Defense
Defense Defense Time % Phy DF OF
1 Sheldon Brookbank Jeff Schultz 60 0 5 0
2 Ryan Suter Zbynek Michalek 40 0 5 0
4 vs 4 Forward
Center Wing Time % Phy DF OF
1 Darroll Powe Nigel Dawes 50 1 2 2
2 Jarret Stoll Steve Downie 50 1 2 2
4 vs 4 Defense
Defense Defense Time % Phy DF OF
1 Zbynek Michalek Jeff Schultz 60 1 2 2
2 Ryan Suter Sheldon Brookbank 40 1 2 2
Last Minutes Offensive
Center Left Wing Right Wing Defense Defense
Darroll Powe Nigel Dawes Jack Skille Ryan Suter Sheldon Brookbank
Last Minutes Defensive
Center Left Wing Right Wing Defense Defense
Darroll Powe Nigel Dawes Mats Zuccarello Jeff Schultz Sheldon Brookbank
Goaltenders
Starting : Dany Sabourin
Backup : Michael Leighton
Extra Forwards
Normal : Darroll Powe, Steve Downie, Jack Skille - PP : Jack Skille, Troy Brouwer - PK : Nigel Dawes
Extra Defensemen
Normal : Ryan Suter, Sheldon Brookbank, Jeff Schultz - PP : Sheldon Brookbank - PK : Sheldon Brookbank, Jeff Schultz
Penalty Shots
Jack Skille, Nigel Dawes, Mats Zuccarello, Jarret Stoll, Troy Brouwer
% Time on Ice - Patriotes
Lines # - Real PCT - Wanted PCT - Time Play
Normal Forward
1 - 37% - 40% - 15:54
2 - 29% - 30% - 12:39
3 - 26% - 20% - 11:01
4 - 8% - 10% - 3:34
Normal Defense
1 - 40% - 40% - 17:09
2 - 32% - 30% - 13:42
3 - 22% - 20% - 9:26
4 - 7% - 10% - 2:51
PP Forward
1 - 54% - 60% - 3:02
2 - 46% - 40% - 2:34
PP Defense
1 - 69% - 60% - 3:51
2 - 31% - 40% - 1:45
PK Forward
1 - 69% - 60% - 4:40
2 - 31% - 40% - 2:06
PK Defense
1 - 64% - 60% - 4:20
2 - 36% - 40% - 2:26
PK3 Forward
1 - 0% - 60%
2 - 0% - 40%
PK3 Defense
1 - 0% - 60%
2 - 0% - 40%
44 Forward
1 - 76% - 60% - 3:25
2 - 24% - 40% - 1:05
44 Defense
1 - 78% - 60% - 3:30
2 - 22% - 40% - 1:00
Last Minute Offensive - 0:00
Last Minute Defensive - 0:00
Total
Forward - 60:00
Defense - 60:00
|
% Time on Ice - Knights
Lines # - Real PCT - Wanted PCT - Time Play
Normal Forward
1 - 32% - 36% - 13:45
2 - 32% - 34% - 13:44
3 - 21% - 20% - 8:55
4 - 16% - 10% - 6:44
Normal Defense
1 - 43% - 40% - 18:34
2 - 32% - 30% - 13:36
3 - 20% - 20% - 8:45
4 - 5% - 10% - 2:13
PP Forward
1 - 52% - 60% - 3:33
2 - 48% - 40% - 3:13
PP Defense
1 - 63% - 60% - 4:17
2 - 37% - 40% - 2:29
PK Forward
1 - 73% - 60% - 4:04
2 - 27% - 40% - 1:32
PK Defense
1 - 64% - 60% - 3:35
2 - 36% - 40% - 2:01
PK3 Forward
1 - 0% - 60%
2 - 0% - 40%
PK3 Defense
1 - 0% - 60%
2 - 0% - 40%
44 Forward
1 - 49% - 50% - 2:13
2 - 51% - 50% - 2:17
44 Defense
1 - 61% - 60% - 2:44
2 - 39% - 40% - 1:46
Last Minute Offensive - 0:00
Last Minute Defensive - 0:00
Total
Forward - 60:00
Defense - 60:00
|
Play by Play
1st period
0:01 of 1st period - Ryan Potulny wins face-off versus Darroll Powe in neutral zone.
0:20 of 1st period - Steve Downie is hit by Ryan Potulny and loses puck.
0:58 of 1st period - Snap shot by Joel Ward.
0:58 of 1st period - Shot Misses the Net.
1:00 of 1st period - Slapshot by Sheldon Brookbank.
1:00 of 1st period - Shot Blocked by Andrei Zyuzin.
1:02 of 1st period - Wrist shot by Kyle Greentree.
1:02 of 1st period - Shot Blocked by Mario Bliznak.
1:25 of 1st period - Off-side.
1:26 of 1st period - Mathieu Perreault wins face-off versus Jarret Stoll in neutral zone.
1:51 of 1st period - Snap shot by Ben Guite.
1:51 of 1st period - Shot Misses the Net.
1:59 of 1st period - Wrist shot by Ben Guite.
1:59 of 1st period - Shot Blocked by Ryan Suter.
2:01 of 1st period - Slapshot by D.J King.
2:01 of 1st period - Shot Misses the Net.
2:03 of 1st period - Slapshot by Brett Skinner.
2:03 of 1st period - Shot Blocked by Darroll Powe.
2:20 of 1st period - Kyle Greentree is hit by T.J Galiardi and loses puck.
2:34 of 1st period - Wrist shot by Ryan Suter.
2:34 of 1st period - Stopped by Joey MacDonald with a rebound.
2:36 of 1st period - Slapshot by Ryan Suter.
2:36 of 1st period - Stopped by Joey MacDonald without a rebound.
2:37 of 1st period - Ben Guite wins face-off versus Danny Irmen in Patriotes zone.
3:10 of 1st period - Wrist shot by Mats Zuccarello.
3:10 of 1st period - Shot Misses the Net.
3:12 of 1st period - Slapshot by Garnet Exelby.
3:12 of 1st period - Shot Misses the Net.
3:14 of 1st period - Slapshot by Garnet Exelby.
3:14 of 1st period - Shot Blocked by Jay Harrison.
3:31 of 1st period - Wrist shot by Jonathan Tremblay.
3:31 of 1st period - Stopped by Joey MacDonald without a rebound.
3:32 of 1st period - Jarret Stoll wins face-off versus Ryan Potulny in Patriotes zone.
3:41 of 1st period - Slapshot by Andrei Zyuzin.
3:41 of 1st period - Stopped by Dany Sabourin with a rebound.
3:43 of 1st period - Slapshot by Andrei Zyuzin.
3:43 of 1st period - Stopped by Dany Sabourin without a rebound.
3:44 of 1st period - Darroll Powe wins face-off versus Ryan Potulny in Knights zone.
4:22 of 1st period - Jack Skille is hit by Andrew Gordon and loses puck.
4:35 of 1st period - A.J Thelen is hit by Kyle Greentree and loses puck.
5:43 of 1st period - Snap shot by Joel Ward.
5:43 of 1st period - Stopped by Joey MacDonald with a rebound.
6:19 of 1st period - Wrist shot by Ben Guite.
6:19 of 1st period - Stopped by Dany Sabourin without a rebound.
6:20 of 1st period - Jarret Stoll wins face-off versus Ryan Potulny in Knights zone.
6:20 of 1st period - Jarret Stoll is hit by D.J King.
6:46 of 1st period - A.J Thelen is hit by Nigel Dawes and loses puck.
6:58 of 1st period - Minor Penalty to Garnet Exelby for Hooking.
6:59 of 1st period - Darroll Powe wins face-off versus Ryan Potulny in Knights zone.
8:58 of 1st period - Penalty to Garnet Exelby is over, Garnet Exelby is back on ice.
9:01 of 1st period - Icing by Sheldon Brookbank.
9:02 of 1st period - Jarret Stoll wins face-off versus Mario Bliznak in Knights zone.
9:30 of 1st period - Wrist shot by Kyle Greentree.
9:30 of 1st period - Shot Blocked by Lauri Tukonen.
9:32 of 1st period - Slapshot by Zbynek Michalek.
9:32 of 1st period - Shot Blocked by Matt Niskanen.
9:34 of 1st period - Slapshot by Sheldon Brookbank.
9:34 of 1st period - Shot Misses the Net.
9:59 of 1st period - Snap shot by D.J King.
9:59 of 1st period - Goal by D.J King - Patriotes : 1 - Knights : 0.
10:00 of 1st period - Darroll Powe wins face-off versus Mathieu Perreault in neutral zone.
10:05 of 1st period - Wrist shot by Steve Downie.
10:05 of 1st period - Shot Blocked by Aaron Ward.
10:37 of 1st period - Wrist shot by Jay Harrison.
10:37 of 1st period - Deflect By Jack Skille.
10:37 of 1st period - Stopped by Dany Sabourin without a rebound.
10:38 of 1st period - Ryan Potulny wins face-off versus Jarret Stoll in Knights zone.
10:41 of 1st period - Backhand shot by Ben Guite.
10:41 of 1st period - Shot Hit the Post.
10:43 of 1st period - Snap shot by Ben Guite.
10:43 of 1st period - Shot Misses the Net.
10:45 of 1st period - Slapshot by Andrei Zyuzin.
10:45 of 1st period - Shot Misses the Net.
10:47 of 1st period - Slapshot by Andrei Zyuzin.
10:47 of 1st period - Shot Misses the Net.
10:49 of 1st period - Slapshot by Ben Guite.
10:49 of 1st period - Stopped by Dany Sabourin without a rebound.
10:50 of 1st period - Ryan Potulny wins face-off versus Darroll Powe in Knights zone.
11:03 of 1st period - Ben Guite is hit by Darroll Powe and loses puck.
11:18 of 1st period - Snap shot by D.J King.
11:18 of 1st period - Stopped by Dany Sabourin with a rebound.
11:20 of 1st period - Wrist shot by Aaron Ward.
11:20 of 1st period - Stopped by Dany Sabourin without a rebound.
11:21 of 1st period - Mathieu Perreault wins face-off versus Jarret Stoll in Knights zone.
11:28 of 1st period - Snap shot by Andrew Gordon.
11:28 of 1st period - Stopped by Dany Sabourin with a rebound.
11:37 of 1st period - Minor Penalty to Mathieu Perreault for Roughing.
11:38 of 1st period - Darroll Powe wins face-off versus Ben Guite in Patriotes zone.
12:18 of 1st period - Ben Guite is hit by Jack Skille and loses puck.
13:12 of 1st period - Andreas Nodl is hit by Steve Downie and loses puck.
13:37 of 1st period - Penalty to Mathieu Perreault is over, Mathieu Perreault is back on ice.
13:44 of 1st period - Wrist shot by Kyle Greentree.
13:44 of 1st period - Stopped by Joey MacDonald with a rebound.
13:46 of 1st period - Slapshot by Ryan Suter.
13:46 of 1st period - Deflect By Joel Ward.
13:46 of 1st period - Stopped by Joey MacDonald without a rebound.
13:47 of 1st period - Danny Irmen wins face-off versus Mario Bliznak in Patriotes zone.
14:40 of 1st period - Icing by Zbynek Michalek.
14:41 of 1st period - Darroll Powe wins face-off versus Ryan Potulny in Knights zone.
15:14 of 1st period - D.J King is hit by Nigel Dawes and loses puck.
15:25 of 1st period - Snap shot by Steve Downie.
15:25 of 1st period - Shot Misses the Net.
15:27 of 1st period - Snap shot by Darroll Powe.
15:27 of 1st period - Stopped by Joey MacDonald with a rebound.
15:29 of 1st period - Snap shot by Steve Downie.
15:29 of 1st period - Goal by Steve Downie - Patriotes : 1 - Knights : 1.
15:30 of 1st period - Jarret Stoll wins face-off versus Mathieu Perreault in neutral zone.
15:35 of 1st period - Slapshot by Sheldon Brookbank.
15:35 of 1st period - Shot Misses the Net.
15:37 of 1st period - Wrist shot by Jack Skille.
15:37 of 1st period - Shot Blocked by Fedor Fedorov.
15:39 of 1st period - Wrist shot by Jarret Stoll.
15:39 of 1st period - Stopped by Joey MacDonald with a rebound.
15:41 of 1st period - Slapshot by Ryan Suter.
15:41 of 1st period - Shot Blocked by Aaron Ward.
15:43 of 1st period - Slapshot by Sheldon Brookbank.
15:43 of 1st period - Shot Blocked by Fedor Fedorov.
16:46 of 1st period - Snap shot by Troy Brouwer.
16:46 of 1st period - Shot Blocked by Ben Guite.
16:50 of 1st period - Wrist shot by Troy Brouwer.
16:50 of 1st period - Stopped by Joey MacDonald without a rebound.
16:51 of 1st period - Jarret Stoll wins face-off versus Mathieu Perreault in Patriotes zone.
16:54 of 1st period - Snap shot by Jarret Stoll.
16:54 of 1st period - Stopped by Joey MacDonald without a rebound.
16:55 of 1st period - Mathieu Perreault wins face-off versus Jarret Stoll in Patriotes zone.
17:07 of 1st period - Snap shot by Andrew Gordon.
17:07 of 1st period - Stopped by Dany Sabourin with a rebound.
17:09 of 1st period - Slapshot by Aaron Ward.
17:09 of 1st period - Shot Misses the Net.
17:11 of 1st period - Slapshot by Jay Harrison.
17:11 of 1st period - Shot Blocked by Sheldon Brookbank.
17:22 of 1st period - Sheldon Brookbank is hit by D.J King and loses puck.
18:16 of 1st period - Snap shot by Danny Irmen.
18:16 of 1st period - Stopped by Joey MacDonald without a rebound.
18:17 of 1st period - Ryan Potulny wins face-off versus Troy Brouwer in Patriotes zone.
18:26 of 1st period - Slapshot by Andrei Zyuzin.
18:26 of 1st period - Shot Misses the Net.
18:28 of 1st period - Slapshot by A.J Thelen.
18:28 of 1st period - Shot Misses the Net.
18:30 of 1st period - Slapshot by Andrei Zyuzin.
18:30 of 1st period - Shot Misses the Net.
18:32 of 1st period - Slapshot by Andrei Zyuzin.
18:32 of 1st period - Stopped by Dany Sabourin without a rebound.
18:33 of 1st period - Darroll Powe wins face-off versus Mathieu Perreault in Knights zone.
18:58 of 1st period - Troy Brouwer is hit by Ben Guite and loses puck.
19:07 of 1st period - Snap shot by Jarret Stoll.
19:07 of 1st period - Stopped by Joey MacDonald without a rebound.
19:08 of 1st period - Ryan Potulny wins face-off versus Darroll Powe in Patriotes zone.
19:35 of 1st period - Wrist shot by Kyle Greentree.
19:35 of 1st period - Stopped by Joey MacDonald with a rebound.
19:37 of 1st period - Slapshot by Zbynek Michalek.
19:37 of 1st period - Stopped by Joey MacDonald with a rebound.
19:39 of 1st period - Slapshot by Sheldon Brookbank.
19:39 of 1st period - Deflect By Andrew Gordon.
19:39 of 1st period - Stopped by Joey MacDonald with a rebound.
19:59 of 1st period - Andreas Nodl is hit by Jarret Stoll and loses puck.
2nd period
0:01 of 2nd period - Ryan Potulny wins face-off versus Darroll Powe in neutral zone.
0:14 of 2nd period - Wrist shot by Ben Guite.
0:14 of 2nd period - Stopped by Dany Sabourin without a rebound.
0:15 of 2nd period - Mathieu Perreault wins face-off versus Jarret Stoll in Knights zone.
0:18 of 2nd period - Wrist shot by Fedor Fedorov.
0:18 of 2nd period - Goal by Fedor Fedorov - Patriotes : 2 - Knights : 1.
0:19 of 2nd period - Ryan Potulny wins face-off versus Jarret Stoll in neutral zone.
0:22 of 2nd period - Slapshot by D.J King.
0:22 of 2nd period - Stopped by Dany Sabourin with a rebound.
0:24 of 2nd period - Snap shot by Ben Guite.
0:24 of 2nd period - Stopped by Dany Sabourin without a rebound.
0:25 of 2nd period - Jarret Stoll wins face-off versus Ryan Potulny in Knights zone.
0:36 of 2nd period - Jarret Stoll is hit by D.J King and loses puck.
0:41 of 2nd period - Snap shot by Ben Guite.
0:41 of 2nd period - Stopped by Dany Sabourin without a rebound.
0:42 of 2nd period - Mathieu Perreault wins face-off versus Darroll Powe in Knights zone.
1:07 of 2nd period - Jack Skille is hit by Ryan Potulny and loses puck.
1:47 of 2nd period - Ben Guite is hit by Zbynek Michalek and loses puck.
1:58 of 2nd period - Snap shot by Mats Zuccarello.
1:58 of 2nd period - Shot Misses the Net.
2:12 of 2nd period - Ben Guite is hit by Nigel Dawes and loses puck.
3:00 of 2nd period - Minor Penalty to Andreas Nodl for Roughing.
3:01 of 2nd period - Darroll Powe wins face-off versus Ben Guite in Patriotes zone.
3:10 of 2nd period - Snap shot by Darroll Powe.
3:10 of 2nd period - Stopped by Joey MacDonald with a rebound.
5:00 of 2nd period - Penalty to Andreas Nodl is over, Andreas Nodl is back on ice.
5:07 of 2nd period - Off-side.
5:08 of 2nd period - Danny Irmen wins face-off versus Mario Bliznak in neutral zone.
5:21 of 2nd period - Mats Zuccarello is hit by Matt Niskanen and loses puck.
5:28 of 2nd period - Matt Niskanen is hit by Danny Irmen and loses puck.
5:41 of 2nd period - Slapshot by Mats Zuccarello.
5:41 of 2nd period - Shot Misses the Net.
5:49 of 2nd period - Snap shot by Andreas Nodl.
5:49 of 2nd period - Goal by Andreas Nodl - Patriotes : 3 - Knights : 1.
5:50 of 2nd period - Darroll Powe wins face-off versus Ryan Potulny in neutral zone.
5:57 of 2nd period - Snap shot by Nigel Dawes.
5:57 of 2nd period - Stopped by Joey MacDonald with a rebound.
5:59 of 2nd period - Slapshot by Ryan Suter.
5:59 of 2nd period - Deflect By Nigel Dawes.
5:59 of 2nd period - Shot Misses the Net.
5:59 of 2nd period - Puck is out of play.
6:00 of 2nd period - Ryan Potulny wins face-off versus Darroll Powe in Patriotes zone.
6:00 of 2nd period - Ryan Potulny is hit by Steve Downie.
6:06 of 2nd period - Wrist shot by Steve Downie.
6:06 of 2nd period - Shot Misses the Net.
6:29 of 2nd period - Minor Penalty to Darroll Powe for Roughing.
6:30 of 2nd period - Danny Irmen wins face-off versus Mathieu Perreault in Knights zone.
6:37 of 2nd period - Aaron Ward is hit by Nigel Dawes and loses puck.
7:02 of 2nd period - Icing by Aaron Ward.
7:03 of 2nd period - Danny Irmen wins face-off versus Ryan Potulny in Patriotes zone.
7:16 of 2nd period - Snap shot by D.J King.
7:16 of 2nd period - Shot Misses the Net.
7:18 of 2nd period - Slapshot by Jay Harrison.
7:18 of 2nd period - Goal by Jay Harrison - Patriotes : 4 - Knights : 1.
7:18 of 2nd period - Michael Leighton enters game.
7:19 of 2nd period - Jarret Stoll wins face-off versus Ryan Potulny in neutral zone.
7:22 of 2nd period - Jay Harrison is hit by Jack Skille and loses puck.
7:40 of 2nd period - Ryan Potulny is hit by Jarret Stoll and loses puck.
7:51 of 2nd period - Wrist shot by Troy Brouwer.
7:51 of 2nd period - Shot Blocked by Aaron Ward.
8:11 of 2nd period - Wrist shot by Troy Brouwer.
8:11 of 2nd period - Stopped by Joey MacDonald without a rebound.
8:12 of 2nd period - Mathieu Perreault wins face-off versus Darroll Powe in Patriotes zone.
8:27 of 2nd period - Wrist shot by Andrew Gordon.
8:27 of 2nd period - Deflect By Fedor Fedorov.
8:27 of 2nd period - Stopped by Michael Leighton with a rebound.
8:39 of 2nd period - Mario Bliznak is hit by Sheldon Brookbank and loses puck.
9:54 of 2nd period - Snap shot by Nigel Dawes.
9:54 of 2nd period - Goal by Nigel Dawes - Patriotes : 4 - Knights : 2.
9:55 of 2nd period - Darroll Powe wins face-off versus Ryan Potulny in neutral zone.
10:09 of 2nd period - Aaron Ward is hit by Darroll Powe.
10:18 of 2nd period - Minor Penalty to Steve Downie for High sticking.
10:19 of 2nd period - Ryan Potulny wins face-off versus Darroll Powe in Knights zone.
10:53 of 2nd period - Nigel Dawes is hit by Fedor Fedorov.
11:11 of 2nd period - Slapshot by Aaron Rome.
11:11 of 2nd period - Shot Misses the Net.
12:18 of 2nd period - Penalty to Steve Downie is over, Steve Downie is back on ice.
12:32 of 2nd period - Wrist shot by Troy Brouwer.
12:32 of 2nd period - Goal by Troy Brouwer - Patriotes : 4 - Knights : 3.
12:33 of 2nd period - Jarret Stoll wins face-off versus Mathieu Perreault in neutral zone.
12:48 of 2nd period - Slapshot by Andrei Zyuzin.
12:48 of 2nd period - Deflect By Andrew Gordon.
12:48 of 2nd period - Shot Misses the Net.
12:48 of 2nd period - Puck is out of play.
12:49 of 2nd period - Ryan Potulny wins face-off versus Darroll Powe in Knights zone.
12:50 of 2nd period - Snap shot by Ben Guite.
12:50 of 2nd period - Deflect By D.J King.
12:50 of 2nd period - Shot Misses the Net.
12:50 of 2nd period - Puck is out of play.
12:51 of 2nd period - Darroll Powe wins face-off versus Ryan Potulny in Knights zone.
12:59 of 2nd period - Wrist shot by Darroll Powe.
12:59 of 2nd period - Deflect By Nigel Dawes.
12:59 of 2nd period - Shot Misses the Net.
12:59 of 2nd period - Puck is out of play.
13:00 of 2nd period - Jarret Stoll wins face-off versus Ryan Potulny in Patriotes zone.
13:01 of 2nd period - Slapshot by Jack Skille.
13:01 of 2nd period - Stopped by Joey MacDonald with a rebound.
13:08 of 2nd period - Off-side.
13:09 of 2nd period - Jarret Stoll wins face-off versus Ryan Potulny in neutral zone.
13:16 of 2nd period - Slapshot by Troy Brouwer.
13:16 of 2nd period - Stopped by Joey MacDonald without a rebound.
13:17 of 2nd period - Darroll Powe wins face-off versus Ryan Potulny in Patriotes zone.
13:18 of 2nd period - Slapshot by Steve Downie.
13:18 of 2nd period - Stopped by Joey MacDonald with a rebound.
13:46 of 2nd period - Off-side.
13:47 of 2nd period - Mathieu Perreault wins face-off versus Benn Ferriero in neutral zone.
14:16 of 2nd period - Wrist shot by Steve Downie.
14:16 of 2nd period - Stopped by Joey MacDonald with a rebound.
14:24 of 2nd period - Snap shot by Andrew Gordon.
14:24 of 2nd period - Stopped by Michael Leighton with a rebound.
14:26 of 2nd period - Snap shot by Fedor Fedorov.
14:26 of 2nd period - Stopped by Michael Leighton without a rebound.
14:27 of 2nd period - Ryan Potulny wins face-off versus Jarret Stoll in Knights zone.
14:54 of 2nd period - Aaron Ward is hit by Ryan Suter and loses puck.
15:23 of 2nd period - Snap shot by Andrew Gordon.
15:23 of 2nd period - Shot Blocked by Ryan Suter.
15:25 of 2nd period - Wrist shot by Andrew Gordon.
15:25 of 2nd period - Goal by Andrew Gordon - Patriotes : 5 - Knights : 3.
15:26 of 2nd period - Ryan Potulny wins face-off versus Jarret Stoll in neutral zone.
16:02 of 2nd period - Wrist shot by Ben Guite.
16:02 of 2nd period - Deflect By D.J King.
16:02 of 2nd period - Shot Blocked by Zbynek Michalek.
16:02 of 2nd period - Puck is out of play.
16:03 of 2nd period - Nigel Dawes wins face-off versus Andrew Gordon in Knights zone.
16:28 of 2nd period - Andrei Zyuzin is hit by Jack Skille.
16:33 of 2nd period - A.J Thelen is hit by Jeff Schultz.
17:36 of 2nd period - Snap shot by Andrew Gordon.
17:36 of 2nd period - Stopped by Michael Leighton without a rebound.
17:37 of 2nd period - Nigel Dawes wins face-off versus Mathieu Perreault in Knights zone.
17:37 of 2nd period - Nigel Dawes is hit by Jay Harrison.
18:47 of 2nd period - Snap shot by Andrew Gordon.
18:47 of 2nd period - Goal by Andrew Gordon - Patriotes : 6 - Knights : 3.
18:48 of 2nd period - Ryan Potulny wins face-off versus Jarret Stoll in neutral zone.
18:54 of 2nd period - Icing by Ryan Suter.
18:55 of 2nd period - Jarret Stoll wins face-off versus Ben Guite in Knights zone.
19:15 of 2nd period - Minor Penalty to Sheldon Brookbank for Slashing.
19:16 of 2nd period - Darroll Powe wins face-off versus Ryan Potulny in Knights zone.
19:16 of 2nd period - Darroll Powe is hit by Ryan Potulny.
3rd period
0:01 of 3rd period - Ben Guite wins face-off versus Darroll Powe in neutral zone.
0:03 of 3rd period - Off-side.
0:04 of 3rd period - Darroll Powe wins face-off versus Ryan Potulny in neutral zone.
0:04 of 3rd period - Minor Penalty to Jay Harrison for Roughing.
0:05 of 3rd period - Darroll Powe wins face-off versus Ben Guite in Patriotes zone.
0:10 of 3rd period - Snap shot by Nigel Dawes.
0:10 of 3rd period - Shot Misses the Net.
0:12 of 3rd period - Slapshot by Zbynek Michalek.
0:12 of 3rd period - Shot Misses the Net.
0:14 of 3rd period - Wrist shot by Darroll Powe.
0:14 of 3rd period - Shot Misses the Net.
0:16 of 3rd period - Wrist shot by Darroll Powe.
0:16 of 3rd period - Shot Blocked by Aaron Ward.
0:18 of 3rd period - Slapshot by Jeff Schultz.
0:18 of 3rd period - Shot Blocked by Ben Guite.
0:20 of 3rd period - Snap shot by Nigel Dawes.
0:20 of 3rd period - Shot Blocked by Brett Skinner.
1:15 of 3rd period - Penalty to Sheldon Brookbank is over, Sheldon Brookbank is back on ice.
1:16 of 3rd period - Wrist shot by Andrew Gordon.
1:16 of 3rd period - Deflect By Andreas Nodl.
1:16 of 3rd period - Shot Misses the Net.
1:16 of 3rd period - Puck is out of play.
1:17 of 3rd period - Ben Guite wins face-off versus Benn Ferriero in Knights zone.
1:32 of 3rd period - Slapshot by Garnet Exelby.
1:32 of 3rd period - Stopped by Joey MacDonald without a rebound.
1:33 of 3rd period - Ben Guite wins face-off versus Darroll Powe in Patriotes zone.
1:33 of 3rd period - Ben Guite is hit by Nigel Dawes.
1:51 of 3rd period - Snap shot by Troy Brouwer.
1:51 of 3rd period - Stopped by Joey MacDonald without a rebound.
1:52 of 3rd period - Andrew Gordon wins face-off versus Benn Ferriero in Patriotes zone.
1:59 of 3rd period - Sheldon Brookbank is hit by Andreas Nodl.
2:04 of 3rd period - Penalty to Jay Harrison is over, Jay Harrison is back on ice.
2:25 of 3rd period - Snap shot by D.J King.
2:25 of 3rd period - Goal by D.J King - Patriotes : 7 - Knights : 3.
2:26 of 3rd period - Darroll Powe wins face-off versus Ryan Potulny in neutral zone.
2:31 of 3rd period - Slapshot by Steve Downie.
2:31 of 3rd period - Shot Misses the Net.
2:56 of 3rd period - Snap shot by Troy Brouwer.
2:56 of 3rd period - Shot Blocked by A.J Thelen.
3:50 of 3rd period - Slapshot by Jay Harrison.
3:50 of 3rd period - Stopped by Michael Leighton with a rebound.
4:28 of 3rd period - Andrei Zyuzin is hit by Jeff Schultz and loses puck.
4:43 of 3rd period - Snap shot by Benn Ferriero.
4:43 of 3rd period - Stopped by Joey MacDonald with a rebound.
5:05 of 3rd period - Slapshot by Jack Skille.
5:05 of 3rd period - Deflect By Troy Brouwer.
5:05 of 3rd period - Shot Misses the Net.
5:05 of 3rd period - Puck is out of play.
5:06 of 3rd period - Mathieu Perreault wins face-off versus Darroll Powe in Patriotes zone.
5:17 of 3rd period - Snap shot by Steve Downie.
5:17 of 3rd period - Goal by Steve Downie - Patriotes : 7 - Knights : 4.
5:18 of 3rd period - Darroll Powe wins face-off versus Ryan Potulny in neutral zone.
5:22 of 3rd period - Wrist shot by Ryan Suter.
5:22 of 3rd period - Goal by Ryan Suter - Patriotes : 7 - Knights : 5.
5:23 of 3rd period - Ryan Potulny wins face-off versus Jarret Stoll in neutral zone.
5:59 of 3rd period - Off-side.
6:00 of 3rd period - Darroll Powe wins face-off versus Ryan Potulny in neutral zone.
6:03 of 3rd period - Snap shot by Steve Downie.
6:03 of 3rd period - Shot Misses the Net.
6:09 of 3rd period - Snap shot by Steve Downie.
6:09 of 3rd period - Stopped by Joey MacDonald with a rebound.
6:14 of 3rd period - Icing by Ben Guite.
6:15 of 3rd period - Benn Ferriero wins face-off versus Ryan Potulny in Patriotes zone.
6:16 of 3rd period - Wrist shot by Joel Ward.
6:16 of 3rd period - Deflect By D.J King.
6:16 of 3rd period - Stopped by Joey MacDonald without a rebound.
6:17 of 3rd period - Ryan Potulny wins face-off versus Benn Ferriero in Patriotes zone.
6:45 of 3rd period - Minor Penalty to Andreas Nodl for Charging.
6:46 of 3rd period - Ben Guite wins face-off versus Darroll Powe in Patriotes zone.
6:58 of 3rd period - Aaron Ward is hit by Darroll Powe.
7:48 of 3rd period - Slapshot by A.J Thelen.
7:48 of 3rd period - Stopped by Michael Leighton without a rebound.
7:49 of 3rd period - Mario Bliznak wins face-off versus Darroll Powe in Knights zone.
8:45 of 3rd period - Penalty to Andreas Nodl is over, Andreas Nodl is back on ice.
9:25 of 3rd period - Ben Guite is hit by Joel Ward and loses puck.
9:30 of 3rd period - Wrist shot by Joel Ward.
9:30 of 3rd period - Shot Misses the Net.
9:48 of 3rd period - Icing by Ben Guite.
9:49 of 3rd period - Troy Brouwer wins face-off versus Mathieu Perreault in Patriotes zone.
10:00 of 3rd period - Snap shot by Jack Skille.
10:00 of 3rd period - Shot Blocked by Mathieu Perreault.
10:18 of 3rd period - Slapshot by Jay Harrison.
10:18 of 3rd period - Stopped by Michael Leighton without a rebound.
10:19 of 3rd period - Mario Bliznak wins face-off versus Darroll Powe in Knights zone.
10:24 of 3rd period - Slapshot by T.J Galiardi.
10:24 of 3rd period - Stopped by Michael Leighton without a rebound.
10:25 of 3rd period - Steve Downie wins face-off versus Mathieu Perreault in Knights zone.
11:36 of 3rd period - Wrist shot by Mats Zuccarello.
11:36 of 3rd period - Shot Blocked by Andreas Nodl.
11:38 of 3rd period - Slapshot by Sheldon Brookbank.
11:38 of 3rd period - Shot Blocked by Aaron Ward.
11:40 of 3rd period - Slapshot by Zbynek Michalek.
11:40 of 3rd period - Shot Blocked by T.J Galiardi.
11:42 of 3rd period - Wrist shot by Danny Irmen.
11:42 of 3rd period - Stopped by Joey MacDonald with a rebound.
12:00 of 3rd period - Darroll Powe is hit by Jay Harrison and loses puck.
12:12 of 3rd period - Sheldon Brookbank is hit by Mathieu Perreault and loses puck.
12:37 of 3rd period - Snap shot by Joel Ward.
12:37 of 3rd period - Shot Hit the Post.
13:17 of 3rd period - Wrist shot by Troy Brouwer.
13:17 of 3rd period - Stopped by Joey MacDonald without a rebound.
13:18 of 3rd period - Troy Brouwer wins face-off versus D.J King in Patriotes zone.
13:35 of 3rd period - Slapshot by Nigel Dawes.
13:35 of 3rd period - Stopped by Joey MacDonald with a rebound.
13:37 of 3rd period - Snap shot by Ryan Suter.
13:37 of 3rd period - Shot Misses the Net.
13:55 of 3rd period - Snap shot by Jack Skille.
13:55 of 3rd period - Stopped by Joey MacDonald with a rebound.
14:55 of 3rd period - Slapshot by Jack Skille.
14:55 of 3rd period - Shot Misses the Net.
14:59 of 3rd period - Wrist shot by Jarret Stoll.
14:59 of 3rd period - Shot Misses the Net.
15:39 of 3rd period - Minor Penalty to Danny Irmen for Holding.
15:39 of 3rd period - Minor Penalty to Mario Bliznak for Hooking.
15:40 of 3rd period - Ben Guite wins face-off versus Darroll Powe in Patriotes zone.
16:25 of 3rd period - Ben Guite is hit by Nigel Dawes and loses puck.
16:37 of 3rd period - Off-side.
16:38 of 3rd period - Darroll Powe wins face-off versus Andrew Gordon in neutral zone.
16:53 of 3rd period - Snap shot by Andreas Nodl.
16:53 of 3rd period - Stopped by Michael Leighton without a rebound.
16:54 of 3rd period - Jarret Stoll wins face-off versus Ben Guite in Knights zone.
16:54 of 3rd period - Jarret Stoll is hit by Ben Guite.
17:20 of 3rd period - Wrist shot by Andreas Nodl.
17:20 of 3rd period - Deflect By Andrew Gordon.
17:20 of 3rd period - Shot Misses the Net.
17:20 of 3rd period - Puck is out of play.
17:21 of 3rd period - Ben Guite wins face-off versus Darroll Powe in Knights zone.
17:39 of 3rd period - Penalty to Danny Irmen is over, Danny Irmen is back on ice.
17:39 of 3rd period - Penalty to Mario Bliznak is over, Mario Bliznak is back on ice.
17:53 of 3rd period - Wrist shot by Jarret Stoll.
17:53 of 3rd period - Stopped by Joey MacDonald with a rebound.
17:55 of 3rd period - Slapshot by Zbynek Michalek.
17:55 of 3rd period - Shot Blocked by Jay Harrison.
18:01 of 3rd period - Snap shot by Ben Guite.
18:01 of 3rd period - Stopped by Michael Leighton without a rebound.
18:02 of 3rd period - Mathieu Perreault wins face-off versus Benn Ferriero in Knights zone.
18:38 of 3rd period - Minor Penalty to Garnet Exelby for Tripping.
18:38 of 3rd period - Minor Penalty to A.J Thelen for Hooking.
18:39 of 3rd period - Jarret Stoll wins face-off versus Ben Guite in Knights zone.
18:48 of 3rd period - Snap shot by Steve Downie.
18:48 of 3rd period - Shot Misses the Net.
18:50 of 3rd period - Slapshot by Jeff Schultz.
18:50 of 3rd period - Deflect By Steve Downie.
18:50 of 3rd period - Stopped by Joey MacDonald with a rebound.
19:12 of 3rd period - Backhand shot by Nigel Dawes.
19:12 of 3rd period - Goal by Nigel Dawes - Patriotes : 7 - Knights : 6.
19:13 of 3rd period - Jarret Stoll wins face-off versus Ben Guite in neutral zone.
19:16 of 3rd period - Knights, Michael Leighton is pulled from the net.
19:30 of 3rd period - Zbynek Michalek is hit by Aaron Ward and loses puck.
Output by the SimonT Hockey Simulator (STHS) for François Prévost -- Original Page W3C XHTML 1.0 Valid